 Dungeon Crawl Stone Soup version 0.21-a0-578-gc6e9d75 (webtiles) character file.

3 mopl the Covered (level 1, 17/17 HPs)
             Began as a Gnoll Wanderer on Dec 18, 2017.
             Got out of the dungeon alive.
             The game lasted 00:00:27 (179 turns).

mopl the Covered (Gnoll Wanderer)                    Turns: 179, Time: 00:00:28

Health: 17/17      AC:  9    Str: 12    XL:     1   Next: 50%
Magic:  4/4        EV:  8    Int: 18    God:
Gold:   6          SH:  0    Dex: 12    Spells: 5/5 levels left

rFire    . . .     SeeInvis .   c - +0 club
rCold    . . .     Gourm    .   (no shield)
rNeg     . . .     Faith    .   a - +2 scale mail
rPois    .         Spirit   .   (no helmet)
rElec    .         Reflect  .   (no cloak)
rCorr    .         Harm     +   (no gloves)
MR       .....                  (no boots)
Stlth    +.........             i - amulet of harm
HPRegen  0.05/turn              (no ring)
MPRegen  0.09/turn              (no ring)

@: no status effects
A: distributed training, fangs 1, strong nose
a: no special abilities


You escaped.
You were not hungry.

You visited 1 branch of the dungeon, and saw 1 of its levels.

You collected 6 gold pieces.

Inventory:

Hand Weapons
 c - a +0 club (weapon)
Missiles
 e - 19 stones (quivered)
Armour
 a - a +2 scale mail (worn)
Jewellery
 i - an amulet of harm (around neck)
Scrolls
 f - a scroll of remove curse {unknown}
 g - a scroll of magic mapping {unknown}
 h - 3 scrolls of noise {unknown}
Potions
 b - 2 potions of lignification {!q}
Comestibles
 d - a ration


   Skills:
 + Level 2.3 Fighting
 + Level 0.0 Short Blades
 + Level 0.0 Long Blades
 + Level 0.0 Axes
 + Level 4.4 Maces & Flails
 + Level 0.0 Polearms
 + Level 0.0 Staves
 + Level 0.0 Slings
 + Level 0.0 Bows
 + Level 0.0 Crossbows
 + Level 0.0 Throwing
 + Level 4.4 Armour
 + Level 0.0 Dodging
 + Level 2.1 Stealth
 + Level 2.3 Shields
 + Level 0.0 Unarmed Combat
 + Level 2.6 Spellcasting
 + Level 0.0 Conjurations
 + Level 0.0 Hexes
 + Level 0.0 Charms
 + Level 0.0 Summonings
 + Level 0.0 Necromancy
 + Level 0.0 Translocations
 + Level 0.0 Transmutations
 + Level 0.0 Fire Magic
 + Level 0.0 Ice Magic
 + Level 0.0 Air Magic
 + Level 3.6 Earth Magic
 + Level 0.0 Poison Magic
 + Level 0.1 Invocations
 + Level 0.0 Evocations


You had 5 spell levels left.
You didn't know any spells.

Dungeon Overview and Level Annotations

Branches:
Dungeon (1/15)

Altars:


Innate Abilities, Weirdness & Mutations

Your experience applies equally to all skills.
You have very sharp teeth.
Your uncanny sense of smell can sniff out nearby items.


Message History

A frilled lizard comes into view.
The frilled lizard hisses angrily.
The frilled lizard bites you but does no damage.
You see here 6 gold pieces.
You see here a twisted copper amulet.
i - a twisted copper amulet The frilled lizard bites you but does no damage.
Put on which piece of jewellery? (? for menu, Esc to quit)
i - an amulet of harm (around neck)
The frilled lizard bites you but does no damage.
You barely miss the frilled lizard.
The frilled lizard bites you but does no damage.
You hit the frilled lizard.
You kill the frilled lizard!
You now have 6 gold pieces.
You see here a mace.
There is an open door here.
There is a staircase leading out of the dungeon here.
Are you sure you want to leave the Dungeon?
This will make you lose the game!
You have escaped!

#######
#.....#
#.....#
#...@.# ..
#.....#
...
#.....#
....
#'#####
....###.##
.........#
#+##.....#
#.....#
##....+


There were no monsters in sight!

Vanquished Creatures
  A dart slug (D:1)
  A frilled lizard (D:1)
2 creatures vanquished.

Notes
Turn   | Place    | Note
-------+----------+-------------------------------------------
     0 | D:1      | mopl the Gnoll Wanderer began the quest for the Orb.
     0 | D:1      | mopl set off with: a +2 scale mail, 2 potions of lignification {!q}, a +0 club, a ration
     0 | D:1      | Reached XP level 1. HP: 17/17 MP: 4/4
   179 | D:$      | Got out of the dungeon alive.

Vault maps used:
D:1:      dpeg_arrival_rooms_b, st_stairs_7

Action                   || total
-------------------------++-------
Melee: Club              ||     6
       Bite              ||     1
Armor: Scale mail        ||     5
Dodge: Dodged            ||     1

Table legend:
 A = Spawn XP
 B = Non-spawn XP
 C = Spawn XP percentage of total XP
 D = Spawn monster count
 E = Non-spawn monster count
 F = Spawn count percentage of total count
 G = Total turns spent on level
                    A         B        C        D         E        F      G
               +---------+---------+-------+---------+---------+-------+---------
         Total |       0 |       5 |   0.0 |       0 |       2 |   0.0 |   179
               +---------+---------+-------+---------+---------+-------+---------
           D:1 |       0 |       5 |   0.0 |       0 |       2 |   0.0 |   179
               +---------+---------+-------+---------+---------+-------+---------
